 Dungeon Crawl Stone Soup version 0.21-a0-51-gea492e9 (webtiles) character file.

64 minicreteconcrete the Digger (level 3, -2/19 HPs)
             Began as a Deep Elf Earth Elementalist on June 11, 2017.
             Slain by Crazy Yiuf
             ... wielding a +3 quarterstaff of chaos
              (12 damage)
             ... on level 2 of the Dungeon.
             The game lasted 00:03:48 (1394 turns).

minicreteconcrete the Digger (DEEE)                 Turns: 1394, Time: 00:03:48

Health: -2/19      AC:  2    Str:  5    XL:     3   Next: 91%
Magic:  0/10       EV: 13    Int: 20    God:
Gold:   48         SH:  0    Dex: 15    Spells: 6/10 levels left

rFire    . . .     SeeInvis .   b - -2 dagger (curse)
rCold    . . .     Gourm    .   (no shield)
rNeg     . . .     Faith    .   c - +0 robe
rPois    .         Spirit   .   (no helmet)
rElec    .         Reflect  .   (no cloak)
rCorr    +         Harm     .   (no gloves)
MR       .....                  (no boots)
Stlth    ++........             (no amulet)
Regen    0.1/turn               f - ring of resist corrosion
MPRegen  0.2/turn               (no ring)

@: very slightly contaminated
A: no striking features
a: no special abilities


You were on level 2 of the Dungeon.
You were not hungry.

You visited 1 branch of the dungeon, and saw 2 of its levels.

You collected 48 gold pieces.

Inventory:

Hand Weapons
 b - a cursed -2 dagger (weapon)
 i - a +0 short sword
Missiles
 a - 9 arrows
 l - 24 poisoned needles
Armour
 c - a +0 robe (worn)
Jewellery
 f - a ring of resist corrosion (left hand)
Scrolls
 h - 2 scrolls of amnesia
 m - a scroll of identify
 q - a scroll of noise
Potions
 g - 2 potions of resistance {unknown}
 j - a potion of magic
 n - a potion of cancellation {unknown}
 p - a potion of lignification {unknown}
Books
 e - a book of Geomancy

   Spells                             Type                      Level
   a - Sandblast                      Earth                        1
   b - Passwall                       Transmutation/Earth          2
   c - Stone Arrow                    Conjuration/Earth            3
   d - Petrify                        Transmutation/Earth          4
   e - Lee's Rapid Deconstruction     Earth                        5
Comestibles
 d - 2 bread rations
 k - 2 meat rations
 o - a royal jelly


   Skills:
 + Level 2.7 Dodging
 + Level 2.5 Stealth
 + Level 0.1 Unarmed Combat
 + Level 4.3 Spellcasting
   Level 1.1 Transmutations
 + Level 4.3 Earth Magic


You had 6 spell levels left.
You knew the following spells:

 Your Spells              Type           Power        Failure   Level  Hunger
a - Sandblast             Erth           ###...       1%          1    None
b - Stone Arrow           Conj/Erth      ##....       16%         3    ###....


Dungeon Overview and Level Annotations

Branches:
Dungeon (2/15)

Altars:
The Shining One

Annotations:
D:2 Crazy Yiuf


Message History

Aim: Crazy Yiuf, wielding a quarterstaff of chaos and wearing a cloak (heavily wounded)
The stone arrow hits Crazy Yiuf.
Crazy Yiuf is severely wounded.
You closely miss Crazy Yiuf.
Crazy Yiuf is severely wounded.
Crazy Yiuf cries, "You leg down broken song, no?"
Crazy Yiuf hits you with a quarterstaff of chaos!
Ouch! That really hurt!
Crazy Yiuf says, "Snoogle shoe ladder!"
Crazy Yiuf grits, "Nubble verde aubergine!"
Crazy Yiuf cries, "Gum!"
Casting: Stone Arrow
Confirm with . or Enter, or press ? or * to list all spells.
Aiming: Stone Arrow
Press: ? - help, Shift-Dir - straight line, f/p - Crazy Yiuf
Aim: Crazy Yiuf, wielding a quarterstaff of chaos and wearing a cloak (severely wounded)
You miscast Stone Arrow.
Nothing appears to happen.
Crazy Yiuf hits you with a quarterstaff of chaos!
Ouch! That really hurt!
You die...

.... ......
.......
.......########
..............###
................#
.............#.##
.........g......#
####...@###....#
+....# #....#
###+####....#
♣....♣
#.........###
♣...♣♣
#.........# ♣♣.♣♣
#.........## ♣.♣♣
#..........# ♣♣.♣
#..........##
♣.♣♣
######......#
♣♣.♣


You could see Crazy Yiuf.

Vanquished Creatures
  2 adders (D:2)
  An ooze (D:1)
  A dart slug (D:1)
  2 leopard geckos (D:1)
  2 ball pythons (D:1)
  4 bats (D:1)
  5 goblins (D:1)
  3 hobgoblins (D:1)
  5 jackals (D:1)
  4 kobolds (D:1)
  4 frilled lizards (D:1)
  3 rats
36 creatures vanquished.

Notes
Turn   | Place    | Note
-------+----------+-------------------------------------------
     0 | D:1      | minicreteconcrete the Deep Elf Earth Elementalist began the quest for the Orb.
     0 | D:1      | Reached XP level 1. HP: 10/10 MP: 6/6
    92 | D:1      | Reached XP level 2. HP: 15/15 MP: 5/8
   258 | D:1      | Found a glowing golden altar of the Shining One.
   571 | D:1      | Reached XP level 3. HP: 19/19 MP: 8/10
   982 | D:1      | Learned a level 3 spell: Stone Arrow
  1373 | D:2      | Found a runed door.
  1377 | D:2      | Noticed Crazy Yiuf
  1394 | D:2      | Slain by Crazy Yiuf

Vault maps used:
D:1:      erik_arrival_triangle_small, tso_metal_star
D:2:      uniq_crazy_yiuf_cottage, uniq_sigmund

Skill      XL: |  1  2  3 |
---------------+----------+-----
Earth Magic    | 4 |  4.3
Spellcasting   | 4 |  4.3
Dodging        | |  2.7
Stealth        | |  2.5
Unarmed Combat | |  0.1
Transmutations | |  1.1

Action                   || total
-------------------------++-------
Melee: Dagger            ||    14
       Unarmed           ||     5
 Cast: Sandblast         ||    44
       Stone Arrow       ||     7
  Use: Scroll            ||     4
  Eat: Chunk             ||     2
Armor: Robe              ||     5
Dodge: Dodged            ||    13
